 Dungeon Crawl Stone Soup version 0.32-a0-699-g1ee5eff69a (webtiles) character file.

Game seed: 4297758552778323737

6406877 Lurud the Middleweight Champion (level 27, 203/245 HPs)
             Began as a Ghoul Gladiator on Feb 29, 2024.
             Was the Champion of Ru.
             Escaped with the Orb
             ... and 10 runes on Mar 13, 2024!
             The game lasted 05:35:33 (123162 turns).

Lurud the Middleweight Champion (Ghoul Gladiator) Turns: 123162, Time: 05:35:34

Health: 203/245    AC: 40    Str: 36    XL:     27
Magic:  10/35      EV: 18    Int:  6    God:    Ru [******]
Gold:   14386      SH: 31    Dex: 17    Spells: 34/42 levels left

rFire   + .          .
                       - Unarmed
rCold   + + +        a - +6 tower shield of Ipsuqiod {rC++ Slay+3}
rNeg    + + +        e - +9 plate armour of the Distant Future {rElec}
rPois   ∞            v - +2 helmet
rElec   +            b - scarf "Bukedodgh" {rC+ rF+, rElec Will++ rCorr Dex+3}
rCorr   +            Z - +3 Mad Mage's Maulers {Infuse+∞ VampMP -Cast}
SInv    +            k - +3 pair of seven-league boots {Rampage+∞}
Will    +++++        Q - necklace of Bloodlust {Fury *Rage Will++ Int-3 Slay+6} Stlth
                     M - ring of Fujuodd {Str+6 Dex+4 SInv}
HPRegen 0.00/turn    N - ring "Xeczicvy" {rElec rPois Will+ Slay+6}
MPRegen 0.24/turn

%: no spellcasting, rampage+∞, infuse magic (10 MP)
@: inhibited regen, studying 3 skills
A: claws 1, cold resistance 1, frail 1, negative energy resistance 3, screaming
1, inhibited regeneration, torment resistance 2, inability to drink after injury
2, no stealth, hated by all, no conjurations magic, no hexes magic, no ice
magic, devour on kill
0: Orb of Zot
}: 10/15 runes: decaying, serpentine, slimy, silver, golden, iron, obsidian,
icy, bone, abyssal
a: Renounce Religion, Draw Out Power, Power Leap, Apocalypse


You escaped.
You worshipped Ru.
Ru was exalted by your worship.
You visited 18 branches of the dungeon, and saw 88 of its levels.
You visited the Abyss 1 time.
You visited 2 bazaars.
You visited 1 ziggurat, and saw 11 of its levels.
You also visited: Gauntlet and Ice Cave.

You collected 18006 gold pieces.
You spent 3620 gold pieces at shops.

Inventory:

Hand Weapons
 f - the +13 sceptre of Asmodeus
   (You took it off Asmodeus on level 7 of Gehenna)

   Fire Summon: It may summon demons of flame and damnation when striking foes.
 w - a +9 hand cannon of flaming
Missiles
 c - 9 curare-tipped darts (quivered)
 h - 2 javelins
 E - 5 silver javelins
Armour
 a - the +6 tower shield of Ipsuqiod (worn) {rC++ Slay+3}
   (You acquired it in the Vestibule of Hell)

   Slay+3:    It affects your accuracy & damage with ranged weapons and melee
   (+3).
   rC++:      It greatly protects you from cold.
 b - the scarf "Bukedodgh" (worn) {rC+ rF+, rElec Will++ rCorr Dex+3}
   (You acquired it in the Vestibule of Hell)

   Dex+3:     It affects your dexterity (+3).
   rElec:     It insulates you from electricity.
   Will++:    It greatly increases your willpower.
   rCorr:     It protects you from acid and corrosion.
 e - the +9 plate armour of the Distant Future (worn) {rElec}
   (You bought it in a shop in a bazaar)

   rElec:     It insulates you from electricity.
 k - the +3 pair of seven-league boots (worn) {Rampage+∞}
   (You acquired it on level 5 of the Dungeon)

   Rampage+∞: When moving toward enemies, its wearer moves as far as possible,
   alerting their target en route.
 v - a +2 helmet (worn)
 Z - the +3 Mad Mage's Maulers (worn) {Infuse+∞ VampMP -Cast}
   (You bought it in a shop on level 1 of the Snake Pit)

   Infuse+∞: It empowers its wearer's blows with all of their magic.
   VampMP:    Blows struck in melee replenish the wearer's magic.
   -Cast:     It prevents spellcasting.
Jewellery
 t - a ring of see invisible
 D - the ring "Ynnioruz" {Fly Int+3 Slay+3}
   (You found it on level 6 of the Dungeon)

   [ring of flight]

   Int+3:     It affects your intelligence (+3).
   Slay+3:    It affects your accuracy & damage with ranged weapons and melee
   (+3).
   Fly:       It grants you flight.
 H - the ring "Myewuoni" {Fly rElec}
   (You took it off a royal mummy on level 1 of the Tomb of the Ancients)

   [ring of flight]

   rElec:     It insulates you from electricity.
   Fly:       It grants you flight.
 K - the brooch of Shielding {Spirit SH+8}
   (You found it on level 5 of the Vaults)

   [amulet of guardian spirit]

   Spirit:    It causes incoming damage to be divided between your reserves of
   health and magic.
   SH+8:      It affects your SH (+8).
 L - the ring "Lior" {^Drain rF+++ rC+ rCorr Str-4}
   (You took it off a deep elf pyromancer on level 8 of the Dungeon)

   [ring of protection from cold]

   Str-4:     It affects your strength (-4).
   rF+++:     It renders you almost immune to fire.
   rC+:       It protects you from cold.
   rCorr:     It protects you from acid and corrosion.
   ^Drain:    It drains your maximum health when unequipped.
 M - the ring of Fujuodd (left hand) {Str+6 Dex+4 SInv}
   (You found it on level 8 of the Dungeon)

   [ring of strength]

   Str+6:     It affects your strength (+6).
   Dex+4:     It affects your dexterity (+4).
   SInv:      It lets you see invisible.
 N - the ring "Xeczicvy" (right hand) {rElec rPois Will+ Slay+6}
   (You found it on level 8 of the Dungeon)

   [ring of willpower]

   Slay+6:    It affects your accuracy & damage with ranged weapons and melee
   (+6).
   rElec:     It insulates you from electricity.
   rPois:     It protects you from poison.
   Will+:     It increases your willpower.
 Q - the necklace of Bloodlust (around neck) {Fury *Rage Will++ Int-3 Slay+6}
   (You found it on level 5 of the Pits of Slime)

   [amulet of nothing]

   Fury:      It extends the wearer's berserk rage when killing foes.
   Int-3:     It affects your intelligence (-3).
   Slay+6:    It affects your accuracy & damage with ranged weapons and melee
   (+6).
   Will++:    It greatly increases your willpower.
   *Rage:     It berserks you when you make melee attacks (+50% chance).
Wands
 i - a wand of digging (22)
 r - a wand of mindburst (86)
 u - a wand of iceblast (46)
 A - a wand of polymorph (53)
 I - a wand of paralysis (75)
 R - a wand of light (82)
Scrolls
 j - 2 scrolls of revelation
 o - 7 scrolls of fear
 q - 16 scrolls of vulnerability
 x - 13 scrolls of fog
 y - 8 scrolls of immolation
 C - 5 scrolls of silence
 J - 2 scrolls of torment
 S - 28 scrolls of teleportation
 T - 10 scrolls of noise
 V - 11 scrolls of poison
Potions
 g - 15 potions of curing
 l - 7 potions of invisibility
 m - 4 potions of magic
 n - 4 potions of resistance
 p - 5 potions of ambrosia
 s - 9 potions of enlightenment
 z - 4 potions of heal wounds
 G - a potion of might
 U - 12 potions of brilliance
 W - 5 potions of attraction
Miscellaneous
 d - a phial of floods
 B - a condenser vane
 F - a figurine of a ziggurat
 O - a lightning rod (4/4)


   Skills:
 O Level 27 Fighting
 - Level 14.6 Short Blades
 + Level 21.5 Ranged Weapons
 - Level 16.2 Throwing
 - Level 18.2 Armour
 - Level 18.6 Dodging
 O Level 27 Shields
 O Level 27 Unarmed Combat
 - Level 8.2 Spellcasting
 - Level 10.0 Necromancy
 - Level 16.2 Evocations


You had 34 spell levels left.
You knew the following spells:

 Your Spells              Type           Power      Damage    Failure   Level
a - Fugue of the Fallen   Necr           14%        N/A       3%          3
b - Cigotuvi's Dreadful   Necr/Alch/Air  12%        N/A       30%         2
c - Vampiric Draining     Necr           14%        2d7       3%          3

Your spell library contained the following spells:

 Spells                   Type           Power      Damage    Failure   Level
 Necrotise                Necr           56%        1d6       1%          1
 Dispel Undead            Necr           14%        3d10      12%         4
 Curse of Agony           Necr           14%        N/A       34%         5
 Apportation              Tloc           4%         N/A       61%         1
 Sandblast                Erth           4%         2d4       61%         1
 Blink                    Tloc           4%         N/A       75%         2
 Lesser Beckoning         Tloc           4%         N/A       75%         2
 Mercury Vapours          Alch/Air       4%         N/A       75%         2
 Gell's Gravitas          Tloc           2%         N/A       93%         3
 Passwall                 Erth           2%         N/A       93%         3
 Swiftness                Air            2%         N/A       93%         3
 Teleport Other           Tloc           2%         N/A       93%         3
 Volatile Blastmotes      Fire/Tloc      4%         2d10      93%         3
 Borgnjor's Vile Clutch   Necr/Erth      4%         N/A       95%         5
 Ignite Poison            Fire/Alch      2%         N/A       100%        4
 Manifold Assault         Tloc           2%         N/A       100%        4
 Olgreb's Toxic Radiance  Alch           2%         N/A       100%        4
 Passage of Golubria      Tloc           2%         N/A       100%        4
 Sticky Flame             Fire/Alch      2%         2d4       100%        4
 Vhi's Electric Charge    Tloc/Air       4%         N/A       100%        4
 Lee's Rapid Deconstruct  Erth           1%         3d4*      100%        5
 Dispersal                Tloc           1%         N/A       100%        6
 Eringya's Noxious Bog    Alch           1%         4d6       100%        6
 Plasma Beam              Fire/Air       1%         2x1d11    100%        6
 Disjunction              Tloc           1%         N/A       100%        8
 Ignition                 Fire           1%         3d3       100%        8
 Maxwell's Capacitive Co  Air            1%         ∞         100%        8
 Shatter                  Erth           1%         3d5*      100%        9
 Magic Dart               Conj           Unusable   1d3       N/A         1
 Sting                    Conj/Alch      Unusable   1d3       N/A         1
 Summon Small Mammal      Summ           Unusable   N/A       N/A         1
 Martyr's Knell           Necr/Summ      Unusable   N/A       N/A         4
 Call Imp                 Summ           Unusable   N/A       N/A         2
 Ensorcelled Hibernation  Hex/Ice        Unusable   N/A       N/A         2
 Death Channel            Necr           Unusable   N/A       N/A         6
 Dazzling Flash           Conj/Hex       Unusable   N/A       N/A         3
 Inner Flame              Hex/Fire       Unusable   N/A       N/A         3
 Ozocubu's Armour         Ice            Unusable   N/A       N/A         3
 Stone Arrow              Conj/Erth      Unusable   3d7       N/A         3
 Tukima's Dance           Hex            Unusable   N/A       N/A         3
 Animate Armour           Summ/Erth      Unusable   N/A       N/A         4
 Brom's Barrelling Bould  Conj/Erth      Unusable   2d3       N/A         4
 Cause Fear               Hex            Unusable   N/A       N/A         4
 Flame Wave               Conj/Fire      Unusable   2d4       N/A         4
 Summon Lightning Spire   Summ/Air       Unusable   N/A       N/A         4
 Arcjolt                  Conj/Air       Unusable   1d11      N/A         5
 Fireball                 Conj/Fire      Unusable   3d3       N/A         5
 Irradiate                Conj/Alch      Unusable   3d12      N/A         5
 Summon Forest            Summ/Tloc      Unusable   N/A       N/A         5
 Yara's Violent Unravell  Hex/Alch       Unusable   3d3       N/A         5
 Starburst                Conj/Fire      Unusable   6d3       N/A         6
 Ozocubu's Refrigeration  Ice            Unusable   4d7       N/A         7
 Summon Hydra             Summ           Unusable   N/A       N/A         7
 Discord                  Hex            Unusable   N/A       N/A         8
 Chain Lightning          Conj/Air       Unusable   3d1       N/A         9
 Dragon's Call            Summ           Unusable   N/A       N/A         9
 Fire Storm               Conj/Fire      Unusable   7d1       N/A         9

Dungeon Overview and Level Annotations

Branches:
Dungeon (15/15)            Temple (1/1) D:7            Lair (5/5) D:9
  Swamp (4/4) Lair:3        Snake (4/4) Lair:3        Slime (5/5) Lair:4
    Orc (2/2) D:10            Elf (3/3) Orc:2        Vaults (5/5) D:14
  Crypt (3/3) Vaults:2       Tomb (3/3) Crypt:3      Depths (4/4) D:15
   Hell (visited)             Dis (7/7) Hell            Geh (7/7) Hell
    Coc (7/7) Hell            Tar (7/7) Hell            Zot (5/5) Depths:4
  IceCv (visited)         Gauntlet (visited)

Altars:
Ashenzari
Cheibriados
Dithmenos
Gozag
Kikubaaqudgha
Makhleb
Nemelex Xobeh
Okawaru
Qazlal
Ru
Sif Muna
Trog
Uskayaw
Vehumet
Wu Jian
Xom

Shops:
D:7 *   Orc:2 ?**[   Elf:2 [   Elf:3 *:   Snake:1 [[*[   Vaults:1 [[*(
Depths:1 ==:

Portals:
Hell: Depths:1 Depths:3 Depths:4
Abyss: D:4 Depths:3
Pandemonium: Depths:1


Innate Abilities, Weirdness & Mutations

You are immune to poison.
You have sharp fingernails.
Your flesh is cold resistant. (rC+)
You are frail. (-10% HP)
You are immune to negative energy. (rN+++)
You occasionally shout uncontrollably at your foes.
You do not regenerate when monsters are visible.
You are immune to unholy pain and torment.
You sometimes lose the ability to drink potions when taking damage.
You cannot be stealthy.
You are hated by all.
You cannot study or cast Conjurations magic.
You cannot study or cast Hexes magic.
You cannot study or cast Ice magic.
You thrive by killing the living.


Message History

No target in view!
What level of the Dungeon? (default 1, ? - help)
You see here a +0 dagger.
There is a stone staircase leading up here.
You climb upwards.
There is a stone staircase leading down here.
There is a stone staircase leading up here.
You climb upwards.
There is a stone staircase leading down here.
You see here a frilled lizard skeleton.
You hear a grinding noise.
You hear a grinding noise.
A cacodemon and a sixfirhy come into view.
You yell at the cacodemon!
You can't go up here!
There is an open door here.
You block the sixfirhy's attack. x2
The sixfirhy attacks as it pursues you! You block the sixfirhy's attack. x3
A demonic crawler comes into view.
The demonic crawler gives a hideous shriek!
You hear a grinding noise.
You stride towards the demonic crawler!
You pummel the demonic crawler like a punching bag!!!!
You kill the demonic crawler!
There is an open door here.
Aiming: Dig
Press: ? - help, Shift-Dir - straight line A rock wall.
This square is covered in magical glow.
The rock shatters into small pieces.
You block the sixfirhy's attack. x2
The sixfirhy attacks as it pursues you! The sixfirhy barely misses you.
The sixfirhy is stunned by your conviction and fails to attack.
You block the sixfirhy's attack.
The sixfirhy is stunned by your conviction and fails to attack.
The sixfirhy hits you. The sixfirhy shocks you. You resist.
There is a staircase leading out of the dungeon here.
You block the sixfirhy's attack. The sixfirhy barely misses you.
You block the sixfirhy's attack.
You have escaped!

#>..#..#.# #.# #........###
#####.#.##.#.###.# #...........
........)..#.....#####....##.....
#####.#..............'..........3
#..........########.#....##.....
#.##..###.#### ##.##....#......
#.###........####.###....#......
#...#......#.#..3######.......).
####.#.#.#..#.+.@.'.#............
..†......#..###...#.#............
.###.#.###..##.####.#............
.###.#...÷..#######..............
##.....†...[.....###.....##......
...#.####.######.# ##....####...#
...#.# #.# #.# #....####...#
#.##.# #.# #.# #...........#
#....# #.# #.####.##........#


You could see a sixfirhy.

Vanquished Creatures
  Antaeus (Coc:7)
  Asmodeus (Geh:7)
  the Royal Jelly (Slime:5)
  Ereshkigal (Tar:7)
  the Serpent of Hell (Geh:7)
  6 dread liches
  5 ancient liches
  A pandemonium lord (Depths:3)
  Khufu (Tomb:3)
  Dispater (Dis:7)
  5 orbs of fire
  Mennas (Vaults:3)
  3 juggernauts (Dis:7)
  Mara (Snake:3)
  13 royal mummies
  16 shard shrikes
  Boris (twice) (Crypt:2 Tomb:3)
  Bai Suzhen (Vaults:2)
  9 Killer Klowns (Zot:5)
  2 curse toes
  Geryon (Hell)
  4 caustic shrikes (Dis:7)
  Vashnia (Snake:3)
  12 golden dragons
  Nikola (Vaults:1)
  the Enchantress (Depths:3)
  12 profane servitors
  4 electric golems
  18 bone dragons
  11 Tzitzimimeh
  17 iron giants
  14 doom hounds
  9 Brimstone Fiends
  13 Hell Sentinels
  3 hellephants
  14 Ice Fiends
  24 Orb Guardians (Zot:5)
  16 tentacled monstrosities
  A walking crystal tome (Depths:2)
  4 deep elf blademasters
  Jorgrun (Orc:1)
  19 tainted leviathans
  Asterion (Snake:1)
  19 searing wretches
  14 liches
  17 titans
  5 quicksilver dragons
  3 deep elf master archers (Elf:3)
  10 sphinxes
  Murray (Hell)
  36 ancient champions
  10 death cobs
  33 acid blobs
  12 tengu reavers
  4 tentacled starspawn
  The ghost of ILmort the Scorcher, an adept MDFE of Vehumet (Swamp:4)
  6 thorn hunters
  16 storm dragons
  11 shadow dragons
  23 azure jellies
  Aizul (Snake:3)
  9 nagarajas
  3 draconian knights
  5 revenants
  11 rockslimes
  6 draconian monks
  A fenstrider witch (Zig:8)
  10 deep elf sorcerers
  31 narguns
  4 protean progenitors
  19 fire giants
  4 draconian shifters
  16 quicksilver elementals
  18 vault wardens
  4 iron dragons
  10 frost giants
  8 draconian scorchers
  A spectral caustic shrike (Tar:6)
  8 shard shrike simulacra
  2 caustic shrike zombies (Crypt:3)
  2 ghost moths
  27 balrugs
  4 ghouls
  An angel (Depths:4)
  Louise (Snake:3)
  A curse skull (Zig:3)
  9 reapers
  6 deep elf elementalists
  2 draconian stormcallers
  3 juggernaut skeletons
  A cacodemon (D:3)
  7 formless jellyfish
  8 draconian annihilators
  2 caustic shrike skeletons (Crypt:1)
  14 stone giants
  A demonspawn blood saint (Zig:11)
  19 ironbound preservers
  30 vampire knights
  3 spriggan defenders (Depths:3)
  22 elemental wellsprings
  13 very ugly things
  10 green draconians
  16 deep elf death magi
  10 ironbound thunderhulks
  12 quicksilver oozes
  5 deep elf demonologists
  21 wendigos
  10 eleionomae
  27 putrid mouths
  12 white draconians
  11 purple draconians
  10 black draconians
  10 bennus
  9 dire elephants
  A lorocyproca (Abyss:3)
  6 bunyips
  10 yellow draconians
  9 red draconians
  A minotaur (Gauntlet)
  15 war gargoyles
  A spark wasp (shapeshifter) (Depths:4)
  11 deep elf annihilators
  A spectral titan (Tar:1)
  12 iron golems
  7 ettins
  A spectral elf (Tar:1)
  8 eidola
  26 mummy priests
  A green death (Depths:3)
  2 spectral quicksilver dragons
  3 blizzard demons
  10 jiangshi
  17 yaktaur captains
  4 deep elf high priests
  The ghost of Nelaxonav the Skirmisher, a journeyman CoFi of Okawaru (D:13)
  An acid blob zombie (Crypt:1)
  5 spectral spriggans
  4 fire dragons
  7 great orbs of eyes
  2 shambling mangroves
  5 entropy weavers
  A peacekeeper (Vaults:2)
  The ghost of KimchiStew the Skirmisher, a journeyman CoHu of Gozag (D:12)
  4 quicksilver dragon zombies
  A quicksilver dragon skeleton (Tomb:2)
  A rakshasa (Depths:1)
  30 vault guards
  2 spriggan zombies
  10 centaur warriors
  21 hydras
  A spectral shadow dragon (Tar:1)
  13 caustic shrike simulacra
  6 ice dragons
  9 salamander tyrants
  4 ogre magi
  Erolcha (Orc:1)
  2 fenstrider witch zombies (Crypt:3)
  4 spriggan air magi
  6 spriggan skeletons (Crypt:1)
  11 ironbound frosthearts
  A catoblepas (Lair:4)
  A fenstrider witch skeleton (Crypt:1)
  3 death knights
  5 juggernaut simulacra
  9 death yaks
  7 anacondas
  11 alligators
  20 stokers
  68 dancing weapons
  4 ghost crabs
  2 two-headed ogres (shapeshifter)
  14 two-headed ogres
  8 deep troll shamans
  3 boulder beetles
  10 deep troll earth magi
  74 death scarabs
  7 tengu warriors
  55 hell hogs
  A shock serpent (shapeshifter) (Vaults:4)
  A titan zombie (Crypt:3)
  10 vampire magi
  2 spectral storm dragons (Crypt:3)
  4 spriggan berserkers
  2 demonic crawlers
  7 thrashing horrors
  14 naga warriors
  3 soul eaters
  A spectral dire elephant (Tar:2)
  12 naga sharpshooters
  4 shock serpents
  14 spriggans
  A storm dragon zombie (Crypt:1)
  19 shadow wraiths
  26 deep elf knights
  4 hell knights
  11 crystal echidnas
  65 skeletal warriors
  A spectral catoblepas (Tar:1)
  10 iron trolls
  3 skysharks
  2 titan skeletons
  4 wretched stars
  A skyshark (shapeshifter) (Vaults:5)
  12 sun demons
  7 goliath frogs
  A salamander mystic (Snake:2)
  2 bunyip zombies
  A sixfirhy (D:3)
  A spectral anaconda (Tar:1)
  5 spriggan druids
  6 swamp dragons
  3 sea snakes (Zot:4)
  2 anaconda zombies
  2 spectral hydras
  8 spriggan simulacra
  3 glowing orange brains
  7 naga ritualists
  16 deep elf archers
  56 deep trolls
  2 sea snakes (shapeshifter)
  6 quicksilver dragon simulacra
  11 bog bodies
  2 swamp dragons (shapeshifter)
  A tengu zombie (Zig:4)
  An orange crystal statue (Zig:7)
  3 sun moths (Zot:2)
  9 mana vipers
  A bunyip skeleton (Crypt:1)
  10 flayed ghosts
  9 thermic dynamos
  A golden dragon skeleton (Crypt:3)
  2 orb spiders (shapeshifter)
  33 phantasmal warriors
  An anaconda skeleton (Crypt:1)
  26 ironbound convokers
  3 orc knights
  A fenstrider witch simulacrum (Coc:1)
  41 deep elf pyromancers
  9 lindwurms
  A harpy (Vaults:3)
  5 arcanists
  26 deep elf zephyrmancers
  4 obsidian statues
  An eye of devastation (shapeshifter) (Vaults:5)
  15 necromancers
  2 spectral ettins
  23 ugly things
  14 starcursed masses (Abyss:3)
  4 alligator zombies (Hell)
  2 stone giant zombies
  A manticore (shapeshifter) (D:8)
  2 orc sorcerers
  2 spectral fire dragons (Crypt:3)
  5 will-o-the-wisps
  11 salamanders
  4 oklob plants (Lair:4)
  9 cyclopes
  An iron dragon skeleton (Crypt:1)
  2 wolf spiders
  2 stone giant skeletons
  5 shining eyes
  2 worldbinders
  2 meliai (shapeshifter)
  An alligator skeleton (Crypt:1)
  24 moths of wrath
  A fire giant skeleton (Geh:2)
  4 guardian serpents
  2 apocalypse crabs (Abyss:3)
  A black mamba (shapeshifter) (Elf:2)
  8 elephants
  39 black mambas
  A kobold blastminer (Orc:2)
  8 ice statues
  31 vault sentinels
  5 centaur zombies
  An orc zombie (Tomb:2)
  A frost giant skeleton (Crypt:2)
  2 dire elephant zombies
  13 naga magi
  3 naga zombies
  6 titan simulacra
  2 torpor snails
  6 gargoyles
  4 eyes of devastation
  A cane toad (shapeshifter) (D:14)
  13 large abominations
  2 smoke demons
  4 unseen horrors (Tar:7)
  22 cane toads
  5 naga skeletons
  A centaur skeleton (Crypt:1)
  47 yaktaurs
  An efreet (D:13)
  4 dire elephant skeletons
  The ghost of Returnofthet the Insei, a novice OpSh (D:4)
  6 rime drakes
  6 komodo dragons
  27 hellions
  2 sea snake zombies
  19 tormentors
  4 anaconda simulacra
  3 ice devils
  5 tengu conjurers
  5 ancient zymes
  20 freezing wraiths
  38 guardian mummies
  An alligator snapping turtle skeleton (Crypt:3)
  A silent spectre (Tar:4)
  4 iron giant simulacra
  4 spectral harpies
  A black draconian skeleton (Crypt:3)
  2 harpy zombies
  17 trolls
  A golden dragon simulacrum (Coc:6)
  A polar bear (shapeshifter) (D:11)
  3 hydra zombies
  A merfolk (shapeshifter) (Depths:4)
  6 harpy skeletons (Crypt:1)
  14 tyrant leeches
  3 hellwings (D:4)
  12 hornets
  6 polar bears
  20 blink frogs
  A shadow dragon simulacrum (Coc:1)
  4 glass eyes
  A spectral meliai (D:13)
  A glass eye (shapeshifter) (Vaults:5)
  5 raiju
  6 dream sheep
  3 iron dragon simulacra
  A fire dragon zombie (Geh:2)
  An ettin zombie (Crypt:1)
  4 black mamba zombies
  111 slime creatures
  An ettin skeleton (Tomb:3)
  2 stone giant simulacra (Coc:1)
  An ice dragon skeleton (Crypt:1)
  A culicivora (shapeshifter) (Abyss:2)
  A jumping spider (Vaults:1)
  Sigmund (D:2)
  2 centaur simulacra
  3 vampires
  A ynoxinul (Abyss:2)
  23 ushabtiu
  9 water elementals
  An air elemental (Elf:3)
  11 dire elephant simulacra
  22 yaks
  2 shadows (D:11)
  13 wraiths
  7 wyverns
  A fire dragon skeleton (Crypt:2)
  7 basilisks
  A yak (shapeshifter) (D:14)
  2 black mamba skeletons (Crypt:1)
  3 steam dragons (D:7)
  9 golden eyes
  4 wargs
  5 redbacks (Gauntlet)
  19 vampire mosquitoes
  A chaos spawn (Abyss:2)
  17 swamp worms
  21 harpy simulacra
  A swamp worm (shapeshifter) (Vaults:4)
  40 nagas
  3 acid dragons
  11 water moccasins
  A fire bat skeleton (Crypt:1)
  A glowing shapeshifter skeleton (Crypt:3)
  4 hydra simulacra
  Duvessa (D:5)
  A hell hound (Abyss:3)
  15 orc warriors
  3 ice beasts
  11 swamp drakes
  A sky beast (D:7)
  2 black mamba simulacra
  4 ettin simulacra
  A fire dragon simulacrum (Crypt:1)
  10 wolves
  An ice dragon simulacrum (Crypt:1)
  34 laughing skulls
  27 ogres
  A boggart (D:15)
  A small abomination (Abyss:2)
  15 centaurs
  2 phantoms
  A torpor snail zombie (Crypt:1)
  A vine stalker zombie (Crypt:3)
  2 kobold brigands
  A rime drake skeleton (Crypt:3)
  22 bullfrogs
  A gnoll sergeant (D:11)
  3 earth elementals
  2 scorpions (D:4)
  3 naga simulacra
  A draconian skeleton (Crypt:3)
  8 wights
  Dowan (D:5)
  5 lindwurm simulacra (IceCv)
  2 killer bees (D:11)
  6 howler monkeys
  2 electric eels
  2 bombardier beetles (D:5)
  3 komodo dragon simulacra (IceCv)
  3 hounds
  A quasit (D:4)
  2 jellies
  2 gnoll boudas
  10 orc priests
  2 sleepcaps (D:6)
  A bullfrog skeleton (Crypt:2)
  3 iron imps
  Jessica (D:2)
  18 orc wizards
  4 iguanas
  An ice beast zombie (Crypt:1)
  2 ogre skeletons (Crypt:2)
  55 mummies
  6 acid dragon simulacra (IceCv)
  11 gnolls
  2 adders
  A steam dragon zombie (Crypt:3)
  2 shadow imps (Tar:7)
  A swamp drake skeleton (Crypt:2)
  2 white imps
  7 steam dragon simulacra (IceCv)
  2 ufetubi (D:5)
  A lava snake skeleton (Crypt:2)
  2 ribbon worms (D:2)
  4 dart slugs
  38 orcs
  4 ball pythons
  8 endoplasms
  4 giant cockroaches
  7 goblins
  6 hobgoblins
  5 quokkas
  6 bats
  2 dart slug zombies
  3 frilled lizards
  A jackal skeleton (Crypt:2)
  A jackal zombie (Crypt:1)
  17 kobolds
  6 rats
  3 creeping infernos
  5 fire vortices
  2 lurking horrors
  2 starspawn tentacles (Abyss:3)
3624 creatures vanquished.

Vanquished Creatures (others)
  A shard shrike (Coc:4)
  2 bone dragons
  A doom hound (Hell)
  An Ice Fiend (Coc:7)
  A tentacled monstrosity (Zot:5)
  An Orb Guardian (Zot:5)
  A Hell Sentinel (Dis:3)
  2 quicksilver dragons
  2 tengu reavers
  An azure jelly (Coc:7)
  A draconian knight (Zot:1)
  A rockslime (Slime:4)
  A quicksilver elemental (Dis:2)
  A frost giant (Depths:3)
  A ghoul (Crypt:2)
  A formless jellyfish (Slime:1)
  A green draconian (Zot:3)
  A stone giant (Vaults:5)
  A purple draconian (Zot:1)
  2 yellow draconians
  An ettin (Depths:4)
  A fire dragon (Zot:3)
  A great orb of eyes (Vaults:3)
  An iron golem (Dis:6)
  A deep elf high priest (Elf:3)
  A hydra (Swamp:4)
  A vault guard (Vaults:5)
  2 dancing weapons (Dis:7)
  A death scarab (Tomb:2)
  A naga warrior (Snake:4)
  A deep elf knight (Elf:2)
  An iron troll (Depths:4)
  2 skeletal warriors (Crypt:2)
  A deep troll (Depths:3)
  A large abomination (Abyss:3)
  A quicksilver dragon simulacrum (Coc:1)
  2 deep elf pyromancers
  3 spriggan simulacra
  3 deep elf zephyrmancers
  A moth of wrath (Zot:2)
  2 storm dragon simulacra (Coc:1)
  2 yaktaurs
  2 anaconda simulacra
  A raiju (Abyss:3)
  A stone giant simulacrum (Coc:4)
  3 naga simulacra
  A sea snake simulacrum (Hell)
  2 harpy simulacra
  A hydra simulacrum (Coc:7)
  An acid dragon (D:9)
  A swamp drake (Swamp:4)
  An ettin simulacrum (Coc:1)
  An ogre (Orc:2)
  A centaur zombie (Crypt:3)
  A white imp (Abyss:3)
  2 creeping infernos
  14 foxfires
  2 starspawn tentacles (Abyss:3)
90 creatures vanquished.

Grand Total: 3714 creatures vanquished

Notes
Turn   | Place    | Note
-------+----------+-------------------------------------------
     0 | D:1      | Lurud the Ghoul Gladiator began the quest for the Orb.
     0 | D:1      | Reached XP level 1. HP: 17/17 MP: 1/1
   115 | D:1      | Reached XP level 2. HP: 19/24 MP: 2/2
   367 | D:1      | Reached XP level 3. HP: 28/29 MP: 3/3
  1073 | D:2      | Noticed Sigmund
  1095 | D:2      | Killed Sigmund
  1096 | D:2      | Reached skill level 5 in Unarmed Combat
  1096 | D:2      | Reached XP level 4. HP: 19/36 MP: 4/4
  1096 | D:2      | Reached XP level 5. HP: 21/41 MP: 5/5
  1252 | D:2      | Found a shimmering blue altar of Sif Muna.
  1400 | D:2      | Noticed Jessica
  1412 | D:2      | Killed Jessica
  1413 | D:2      | Reached XP level 6. HP: 44/48 MP: 6/6
  1743 | D:3      | Found a shimmering altar of Xom.
  1835 | D:3      | Found a basalt altar of Yredelemnul.
  1843 | D:3      | Upgraded the game from 0.32-a0-558-g233958a4c4 to
                  | 0.32-a0-612-g1c984fe9d1
  2252 | D:3      | Found a sparkling altar of Nemelex Xobeh.
  2529 | D:4      | Found a transporter.
  2556 | D:4      | Found a one-way gate to the infinite horrors of the Abyss.
  2570 | D:4      | Noticed Returnofthet's ghost (novice OpSh)
  2586 | D:4      | Identified a scroll of acquirement
  2610 | D:4      | Reached XP level 7. HP: 42/55 MP: 7/7
  2772 | D:4      | Found a transporter.
  3257 | D:5      | Entered Level 5 of the Dungeon
  3257 | D:5      | Noticed Duvessa
  3257 | D:5      | Noticed Dowan
  3306 | D:5      | Killed Duvessa
  3307 | D:5      | Reached XP level 8. HP: 58/61 MP: 8/8
  3309 | D:5      | Killed Dowan
  3404 | D:5      | Reached skill level 10 in Unarmed Combat
  3685 | D:5      | Found a shadowy altar of Dithmenos.
  4089 | D:6      | Identified the ring "Ynnioruz" {Fly Int+3 Slay+3}
  4127 | D:6      | Noticed a gargoyle
  4311 | D:5      | Acquired the +3 pair of seven-league boots {Rampage+∞}
  4311 | D:5      | Found the +3 pair of seven-league boots {Rampage+∞}
  4347 | D:6      | Found the +8 pair of quick blades "Gyre" and "Gimble"
                  | {protect}
  4451 | D:6      | Reached XP level 9. HP: 68/68 MP: 9/9
  4534 | D:6      | Reached skill level 1 in Armour
  4623 | D:6      | Killed a gargoyle
  4701 | D:6      | Found a bloodstained altar of Trog.
  5102 | D:7      | Found Gosyxtat's General Store.
  5107 | D:7      | Learned a level 3 spell: Fugue of the Fallen
  5118 | D:7      | Bought a scroll of teleportation for 39 gold pieces
  5250 | D:7      | Found a staircase to the Ecumenical Temple.
  5252 | D:7      | Reached skill level 5 in Fighting
  5315 | D:7      | Reached skill level 5 in Dodging
  5352 | D:7      | Reached XP level 10. HP: 83/83 MP: 10/10
  5727 | D:4      | Killed Returnofthet's ghost
  5728 | D:4      | Reached skill level 1 in Short Blades
  5867 | Temple   | Entered the Ecumenical Temple
  5885 | Temple   | Became a worshipper of Ru the Awakened
  6042 | D:8      | Reached skill level 5 in Armour
  6081 | D:8      | Noticed a manticore
  6087 | D:8      | Killed a manticore
  6136 | D:8      | Identified the ring of Fujuodd {Str+6 Dex+4 SInv}
  6136 | D:8      | Noticed a green ugly thing
  6136 | D:8      | Noticed a centaur warrior
  6141 | D:8      | Killed a green ugly thing
  6142 | D:8      | Noticed a cyclops
  6144 | D:8      | Killed a centaur warrior
  6145 | D:8      | Reached XP level 11. HP: 87/92 MP: 11/11
  6146 | D:8      | Identified the ring "Lior" {^Drain rF+++ rC+ rCorr Str-4}
  6146 | D:8      | Noticed a deep elf pyromancer
  6148 | D:8      | Killed a cyclops
  6150 | D:8      | Killed a deep elf pyromancer
  6151 | D:8      | Reached skill level 5 in Short Blades
  6152 | D:8      | Identified the ring "Haweoz" {Will+ AC+4 Str+2}
  6299 | D:8      | Identified the ring "Xeczicvy" {rElec rPois Will+ Slay+6}
  6621 | D:8      | Found a burning altar of Makhleb.
  6621 | D:8      | Found an opulent altar of Gozag.
  6621 | D:8      | Found a hazy altar of Hepliaklqana.
  6727 | D:9      | Found a staircase to the Lair.
  6727 | D:9      | Noticed a death yak
  6727 | D:9      | Noticed a death yak
  6770 | D:9      | Gained mutation: You are hated by all. [Ru sacrifice]
  6770 | D:9      | Reached * piety under Ru
  6770 | D:9      | Reached ** piety under Ru
  7039 | D:9      | Killed a death yak
  7042 | D:9      | Killed a death yak
  7387 | D:10     | Entered Level 10 of the Dungeon
  7549 | D:10     | Reached skill level 1 in Necromancy
  7719 | D:10     | Found a staircase to the Orcish Mines.
  7979 | D:11     | Noticed a cyclops
  8041 | D:11     | Noticed a boulder beetle
  8051 | D:11     | Killed a boulder beetle
  8052 | D:11     | Reached XP level 12. HP: 79/100 MP: 12/12
  8099 | D:11     | Reached skill level 5 in Necromancy
  8253 | D:11     | Found a snail-covered altar of Cheibriados.
  8371 | D:11     | You are sucked into a shaft and drop 3 floors!
  8502 | D:13     | Noticed a centaur warrior
  8509 | D:13     | Killed a centaur warrior
  8591 | D:12     | Reached skill level 10 in Necromancy
  8752 | D:12     | Learned a level 2 spell: Cigotuvi's Dreadful Rot
  9208 | D:12     | Upgraded the game from 0.32-a0-612-g1c984fe9d1 to
                  | 0.32-a0-614-gd166fa89d2
  9298 | D:12     | Found a runed translucent gate.
  9299 | D:12     | Found a runed translucent gate.
  9299 | D:12     | Noticed KimchiStew's ghost (journeyman CoHu)
  9300 | D:12     | Found a runed translucent gate.
  9440 | D:12     | Killed KimchiStew's ghost
  9441 | D:12     | Reached XP level 13. HP: 107/107 MP: 13/13
  9465 | D:12     | Identified the +0 pair of boots of Sloth {*Corrode ^Drain
                  | rC+++ Stlth+}
  9563 | Lair:1   | Entered Level 1 of the Lair of Beasts
  9589 | Lair:1   | Found a shadowy altar of Dithmenos.
  9600 | Lair:1   | Found a gate leading to a gauntlet.
  9620 | Gauntlet | Entered a Gauntlet
  9620 | Gauntlet | Found a transporter.
  9620 | Gauntlet | Found a transporter.
  9620 | Gauntlet | Found a transporter.
  9620 | Gauntlet | Found a transporter.
  9624 | Gauntlet | Found a transporter.
  9624 | Gauntlet | Found a transporter.
  9629 | Gauntlet | Noticed a blizzard demon
  9634 | Gauntlet | Found a transporter.
  9638 | Gauntlet | Found a transporter.
  9650 | Gauntlet | Found a transporter.
  9653 | Gauntlet | Found a transporter.
  9653 | Gauntlet | Found a transporter.
  9658 | Gauntlet | Found a transporter.
  9755 | Gauntlet | Noticed an entropy weaver
  9759 | Gauntlet | Killed an entropy weaver
  9830 | Gauntlet | Noticed a minotaur
  9839 | Gauntlet | Killed a minotaur
 10083 | Lair:1   | Reached skill level 1 in Evocations
 10091 | Lair:1   | Reached skill level 10 in Short Blades
 11172 | Lair:2   | Gained mutation: You cannot study or cast Ice magic. [Ru
                  | sacrifice]
 11172 | Lair:2   | Gained mutation: You cannot study or cast Hexes magic. [Ru
                  | sacrifice]
 11172 | Lair:2   | Gained mutation: You cannot study or cast Conjurations
                  | magic. [Ru sacrifice]
 11172 | Lair:2   | Reached *** piety under Ru
 11407 | Lair:2   | Identified the +0 scale mail "Cotz" {Int+3}
 12119 | Lair:3   | Found a staircase to the Swamp.
 12163 | Lair:3   | Found a staircase to the Snake Pit.
 12725 | Lair:4   | Found a frozen archway.
 12742 | Lair:4   | Reached skill level 5 in Evocations
 12755 | Lair:4   | Acquired a manual of Evocations
 12757 | IceCv    | Entered an ice cave
 12762 | IceCv    | Reached XP level 14. HP: 106/119 MP: 14/14
 12837 | IceCv    | Gained mutation: You occasionally lose the ability to drink
                  | potions when taking damage. [Ru sacrifice]
 12837 | IceCv    | Gained mutation: You sometimes lose the ability to drink
                  | potions when taking damage. [Ru sacrifice]
 12837 | IceCv    | Reached **** piety under Ru
 13086 | IceCv    | Noticed a white draconian
 13101 | IceCv    | Killed a white draconian
 13125 | IceCv    | Identified the ring "Puzxyty" {Ice Str+4 Dex+2}
 14018 | Lair:4   | Found a staircase to the Slime Pits.
 14062 | Lair:5   | Entered Level 5 of the Lair of Beasts
 14076 | Lair:5   | Reached skill level 10 in Evocations
 14531 | Lair:5   | Gained mutation: You cannot be stealthy. [Ru sacrifice]
 14531 | Lair:5   | Reached ***** piety under Ru
 14770 | Lair:5   | Identified the +9 spear of Licwis {freeze, rElec}
 14923 | Lair:5   | Reached skill level 1 in Ranged Weapons
 14925 | Lair:5   | Reached XP level 15. HP: 126/126 MP: 12/15
 14928 | Lair:5   | Reached skill level 10 in Fighting
 15295 | D:13     | Found a transporter.
 15667 | D:13     | Found a transporter.
 15670 | D:13     | Noticed Nelaxonav's ghost (journeyman CoFi)
 16264 | D:14     | Gained mutation: You occasionally shout uncontrollably at
                  | your foes. [Ru sacrifice]
 16508 | D:14     | Found a gate to the Vaults.
 16702 | Orc:1    | Entered Level 1 of the Orcish Mines
 16715 | Orc:1    | Noticed Erolcha
 16719 | Orc:1    | Killed Erolcha
 16729 | Orc:1    | Noticed Jorgrun
 16739 | Orc:1    | Killed Jorgrun
 16927 | Orc:2    | Entered Level 2 of the Orcish Mines
 16927 | Orc:2    | Found Uteronod's General Store.
 17050 | Orc:2    | Found Vawn's Magic Scroll Boutique.
 17064 | Orc:2    | Reached skill level 5 in Ranged Weapons
 17070 | Orc:2    | Reached skill level 10 in Dodging
 17127 | Orc:1    | Reached XP level 16. HP: 125/138 MP: 13/16
 17138 | Orc:2    | Found a staircase to the Elven Halls.
 17140 | Orc:2    | Found Piujoga's General Store.
 17171 | Orc:2    | Bought a scroll of teleportation for 42 gold pieces
 17171 | Orc:2    | Bought a scroll of torment for 133 gold pieces
 17173 | Orc:2    | Found Buro's Armour Shoppe.
 17176 | Orc:2    | Bought a scroll of enchant weapon for 90 gold pieces
 17176 | Orc:2    | Bought a scroll of blinking for 90 gold pieces
 17176 | Orc:2    | Bought a scroll of identify for 24 gold pieces
 17176 | Orc:2    | Bought a scroll of identify for 24 gold pieces
 17194 | Orc:2    | Bought a scroll of enchant armour for 90 gold pieces
 17194 | Orc:2    | Bought a scroll of identify for 24 gold pieces
 17197 | Orc:2    | Bought a scroll of identify for 24 gold pieces
 17414 | Orc:2    | Gained mutation: You are frail. (-10% HP) [Ru sacrifice]
 17414 | Orc:2    | Reached ****** piety under Ru
 17616 | Snake:1  | Entered Level 1 of the Snake Pit
 17616 | Snake:1  | Noticed Asterion
 17625 | Snake:1  | Killed Asterion
 17965 | Lair:3   | Upgraded the game from 0.32-a0-614-gd166fa89d2 to
                  | 0.32-a0-630-g46d191b0ed
 18266 | Snake:1  | Found Zuqig's General Store.
 18277 | Snake:1  | Bought 2 potions of haste for 300 gold pieces
 18415 | Snake:1  | Found Gaupuiv Letz's Antique Armour Shoppe.
 18417 | Snake:1  | Found Mohogy's Armour Emporium.
 18420 | Snake:1  | Found Faodul's Antique Armour Shoppe.
 18423 | Snake:1  | Bought a pair of masterwork gloves for 218 gold pieces
 18423 | Snake:1  | Identified the +0 pair of gloves of Hospitality {rC++} (You
                  | bought it in a shop on level 1 of the Snake Pit)
 18792 | Snake:2  | Noticed a nagaraja
 18800 | Snake:2  | Killed a nagaraja
 18804 | Snake:2  | Identified the +8 hand axe of the Shining Light {drain,
                  | rN++ Dex+4}
 18844 | Snake:2  | Identified the +8 whip of the Dancing Messenger {freeze,
                  | Fly Dex+3 SInv}
 18947 | Snake:2  | Reached skill level 10 in Armour
 19243 | Snake:1  | Bought the +3 Mad Mage's Maulers {Infuse+∞ VampMP -Cast}
                  | for 760 gold pieces
 19243 | Snake:1  | Found the +3 Mad Mage's Maulers {Infuse+∞ VampMP -Cast}
 20007 | Snake:3  | Noticed Vashnia
 20027 | Snake:3  | Killed Vashnia
 20028 | Snake:3  | Reached XP level 17. HP: 120/135 MP: 0/17
 20210 | Snake:3  | Noticed Louise
 20213 | Snake:3  | Noticed Mara
 20235 | Snake:3  | Killed Louise
 20244 | Snake:3  | Noticed Lurud's illusion
 20395 | Snake:3  | Noticed Lurud's illusion
 20411 | Snake:3  | Killed Mara
 21185 | Snake:4  | Entered Level 4 of the Snake Pit
 21185 | Snake:4  | Identified the serpent talisman of Gucofoirph {Str+4 Int+3}
 21185 | Snake:4  | Noticed Aizul
 21307 | Snake:3  | Killed Aizul
 22437 | Snake:4  | Upgraded the game from 0.32-a0-630-g46d191b0ed to
                  | 0.32-a0-656-g3542139ebd
 23146 | Snake:4  | Got a serpentine rune of Zot
 23237 | Snake:1  | Bought a shiny buckler for 142 gold pieces
 23330 | Swamp:1  | Entered Level 1 of the Swamp
 23426 | Swamp:1  | Identified the orb of Alekuceti {*channel, rC++}
 23567 | Swamp:1  | Reached skill level 15 in Fighting
 23935 | Swamp:1  | Reached XP level 18. HP: 146/146 MP: 4/18
 25004 | Swamp:2  | Identified the +7 rapier of the Forging Oracle {drain,
                  | rCorr Dex+4}
 27294 | Swamp:4  | Entered Level 4 of the Swamp
 28046 | Swamp:4  | Found a runed translucent door.
 28050 | Swamp:4  | Noticed ILmort's ghost (adept MDFE)
 28888 | Swamp:4  | Got a decaying rune of Zot
 29188 | Swamp:4  | Killed ILmort's ghost
 29190 | Swamp:4  | Reached XP level 19. HP: 127/156 MP: 0/19
 29197 | Swamp:4  | Identified the +5 shortbow of Destiny {speed, rF+ Str+4}
 29927 | D:13     | Killed Nelaxonav's ghost
 30170 | Vaults:1 | Entered Level 1 of the Vaults
 30342 | Vaults:1 | Found Noly's Antique Armour Shoppe.
 30904 | Vaults:1 | Noticed Nikola
 30908 | Vaults:1 | Killed Nikola
 30916 | Vaults:1 | You are sucked into a shaft and drop 1 floor!
 31290 | Vaults:2 | Found a staircase to the Crypt.
 31568 | Vaults:2 | Noticed Bai Suzhen
 31574 | Vaults:2 | Killed Bai Suzhen
 33586 | Vaults:2 | Reached XP level 20. HP: 105/166 MP: 1/20
 34128 | Vaults:3 | Noticed Mennas
 34149 | Vaults:3 | Killed Mennas
 34499 | Vaults:3 | Reached skill level 15 in Armour
 35355 | Vaults:3 | Found the +5 glaive of the Guard {elec, spectral}
 35408 | Vaults:3 | Identified the +2 hand axe of Valiance {pain, rPois}
 35598 | Vaults:3 | Acquired 911 gold pieces
 35666 | Vaults:3 | Identified the +1 cloak of Compression {rF+ Dex+2}
 38318 | Vaults:4 | Reached XP level 21. HP: 176/178 MP: 4/21
 38867 | Vaults:1 | Found Boastret's General Store.
 38995 | Vaults:1 | Bought a potion of attraction for 42 gold pieces
 38995 | Vaults:1 | Bought a scroll of blinking for 105 gold pieces
 39473 | Vaults:1 | Found Otuacug's Antique Weapon Shoppe.
 40679 | Vaults:1 | Found Dufol's Antique Armour Shoppe.
 40887 | Elf:1    | Entered Level 1 of the Elven Halls
 40908 | Elf:1    | Found a flickering gateway to a bazaar.
 40925 | Bazaar   | Entered a bazaar
 41051 | Bazaar   | Found Reddoh's Book Shoppe.
 41051 | Bazaar   | Found Buehaoki's Assorted Antiques.
 41062 | Bazaar   | Bought a scroll of blinking for 180 gold pieces
 41062 | Bazaar   | Bought a potion of heal wounds for 120 gold pieces
 41062 | Bazaar   | Bought a potion of magic for 192 gold pieces
 41073 | Bazaar   | Found Fiucoxom's Jewellery Shoppe.
 41089 | Bazaar   | Found Icongira's Antique Armour Shoppe.
 41089 | Bazaar   | Found Taneiq's Armour Emporium.
 43753 | Elf:2    | Found Kazaofim's Antique Armour Boutique.
 44972 | Elf:2    | Found a huge runed translucent gate.
 44974 | Elf:2    | Found a huge runed translucent gate.
 44977 | Elf:2    | Found a huge runed translucent gate.
 44978 | Elf:2    | Found a huge runed translucent gate.
 44978 | Elf:2    | Found a huge runed translucent gate.
 45895 | Elf:3    | Entered Level 3 of the Elven Halls
 45925 | Elf:3    | Reached XP level 22. HP: 191/191 MP: 22/22
 46038 | Elf:3    | Found Puannu's Book Boutique.
 46038 | Elf:3    | Found Esijoif's Assorted Antiques.
 46166 | Elf:3    | Learned a level 3 spell: Vampiric Draining
 46268 | Elf:3    | Paralysed by an air elemental for 1 turns
 46403 | Elf:3    | Identified the +3 leather armour "Vesasewk" {+Inv MP+9
                  | Dex+3 Stlth-}
 46886 | Elf:3    | Identified the +1 sling "Oxteb" {heavy, rF+ rN+ Str+3}
 46891 | Elf:3    | Identified the amulet of Daffodils {rPois rC- Will+ Regen+}
 46916 | Elf:3    | Identified the +5 hand axe of the Lost Visionaries {holy,
                  | Will+}
 46936 | Elf:3    | Identified the +8 orcbow "Riac" {drain, rN+ SInv}
 47209 | Elf:2    | Bought a runed kite shield for 225 gold pieces
 47428 | D:15     | Entered Level 15 of the Dungeon
 47482 | D:15     | Reached skill level 1 in Shields
 47767 | D:15     | Found a staircase to the Depths.
 48275 | Depths:1 | Entered Level 1 of the Depths
 48312 | Depths:1 | Found a gateway to Hell.
 48330 | Depths:1 | Found a one-way gate leading to the halls of Pandemonium.
 48357 | Depths:1 | Found a flickering gateway to a bazaar.
 48377 | Depths:1 | Reached skill level 5 in Shields
 48421 | Bazaar   | Entered a bazaar
 48421 | Bazaar   | Found Moofikabb's Book Boutique.
 48439 | Bazaar   | Found Xecetig's Antique Armour Shop.
 48451 | Bazaar   | Found Raeciad's General Store.
 48477 | Bazaar   | Found Waotil's Antique Armour Emporium.
 48485 | Bazaar   | Bought an encrusted plate armour for 756 gold pieces
 48485 | Bazaar   | Identified the +9 plate armour of the Distant Future
                  | {rElec} (You bought it in a shop in a bazaar)
 48572 | Depths:1 | Found Ynariwk's Book Emporium.
 48572 | Depths:1 | Found Ramoiwin's Jewellery Shop.
 48573 | Depths:1 | Found Qetses's Jewellery Shop.
 48719 | Depths:1 | Found a radiant altar of Vehumet.
 48965 | Depths:1 | Found a hide-covered altar of Uskayaw.
 48967 | Depths:1 | Found a broken altar of Ashenzari.
 48967 | Depths:1 | Found a shimmering altar of Xom.
 48967 | Depths:1 | Found a shadowy altar of Dithmenos.
 49409 | Depths:2 | Got the Essays on Charred Breccia
 49840 | Depths:3 | Noticed the Enchantress
 49846 | Depths:3 | Killed the Enchantress
 49847 | Depths:3 | Reached XP level 23. HP: 200/200 MP: 2/23
 50048 | Depths:3 | Noticed a golden dragon
 50065 | Depths:3 | Killed a golden dragon
 51519 | Depths:4 | Entered Level 4 of the Depths
 51808 | Depths:4 | Found a gate to the Realm of Zot.
 51808 | Depths:4 | Noticed a golden dragon
 51846 | Depths:4 | Killed a golden dragon
 52524 | Depths:4 | Found a one-way gateway to a ziggurat.
 53659 | Crypt:1  | Entered Level 1 of the Crypt
 53805 | Crypt:1  | Found an ancient bone altar of Kikubaaqudgha.
 53821 | Crypt:1  | Reached skill level 15 in Unarmed Combat
 54138 | Crypt:1  | You fall into a shaft and drop 1 floor!
 54649 | Crypt:2  | Reached skill level 10 in Shields
 55181 | Crypt:2  | Identified the +1 scale mail of Qyanwirph {rN+ Int+2}
 55593 | Crypt:1  | Identified the +11 hand axe of Wamusi {flame, rF++}
 55904 | Crypt:1  | Reached XP level 24. HP: 210/210 MP: 1/23
 58154 | Crypt:1  | Found an ancient bone altar of Kikubaaqudgha.
 58208 | Crypt:2  | Identified the +3 robe of the Armoured One {rElec rF+
                  | Stlth- Archmagi}
 58208 | Crypt:2  | Noticed Boris
 58213 | Crypt:2  | Killed Boris
 58265 | Crypt:2  | Acquired 826 gold pieces
 58931 | Crypt:3  | Entered Level 3 of the Crypt
 60862 | Crypt:3  | Found an ancient bone altar of Kikubaaqudgha.
 60985 | Crypt:3  | Reached skill level 1 in Spellcasting
 61882 | Crypt:3  | Identified the +0 leather armour "Huutaxan" {rPois rC-
                  | Int+5 Stlth+}
 62411 | Crypt:3  | Found a staircase to the Tomb.
 63601 | Crypt:3  | Identified the staff "Transmigrator" {rN+ rCorr Int+3
                  | Necro}
 63674 | Crypt:3  | Reached XP level 25. HP: 172/219 MP: 0/27
 64461 | Vaults:5 | Entered Level 5 of the Vaults
 64528 | Vaults:5 | Found the brooch of Shielding {Spirit SH+8}
 64657 | Vaults:5 | Identified the +12 war axe "Orb Guardian's Bane" {drain,
                  | Str+3 Int+3 Dex+3}
 64837 | Vaults:5 | Reached skill level 5 in Spellcasting
 64843 | Vaults:5 | Noticed a dread lich
 64854 | Vaults:5 | Killed a dread lich
 64917 | Vaults:5 | Identified the +5 morningstar of Viaraf Inor {heavy, rF+
                  | Will++}
 65054 | Vaults:5 | Identified the ring of Grace {MP+9 Str+3 Dex+2 Stlth+}
 65119 | Vaults:5 | Identified the +7 battleaxe of Eternal Vigilance {heavy,
                  | Int+3 Dex+3}
 65130 | Vaults:5 | Upgraded the game from 0.32-a0-656-g3542139ebd to
                  | 0.32-a0-665-g3d30ec2550
 65621 | Vaults:5 | Identified the +11 flail "Vedasurunt" {vamp, rPois Dex+2}
 66044 | Vaults:5 | Acquired the +0 kite shield of Beauty {rElec rC+ Str+2
                  | Dex+3}
 66408 | Vaults:5 | Identified the +4 sling of the Lesser Evil {speed, rPois
                  | rN+ Will+ SInv}
 66448 | Vaults:5 | Noticed an ancient lich
 66462 | Vaults:5 | Killed an ancient lich
 66593 | Vaults:5 | Got a silver rune of Zot
 67705 | Vaults:5 | Reached XP level 26. HP: 228/228 MP: 4/31
 68329 | Zot:1    | Entered Level 1 of the Realm of Zot
 69241 | Zot:1    | Reached skill level 15 in Shields
 69573 | Zot:1    | Acquired 903 gold pieces
 72279 | Zot:2    | You are sucked into a shaft and drop 1 floor!
 72501 | Zot:3    | Noticed an orb of fire
 72509 | Zot:3    | Killed an orb of fire
 72523 | Zot:3    | Noticed a dread lich
 72534 | Zot:3    | Killed a dread lich
 74562 | Zot:4    | Reached XP level 27. HP: 213/237 MP: 3/31
 77186 | Slime:1  | Entered Level 1 of the Pits of Slime
 80137 | Slime:5  | Entered Level 5 of the Pits of Slime
 80889 | Slime:5  | Noticed the Royal Jelly
 80964 | Slime:5  | Killed the Royal Jelly
 80996 | Slime:5  | Found the +6 arbalest "Damnation" {damnation}
 81001 | Slime:5  | Found the necklace of Bloodlust {Fury *Rage Will++ Int-3
                  | Slay+6}
 81147 | Slime:5  | Identified the amulet of the Shrike {Regen+ Dex+4}
 81149 | Slime:5  | Identified the +11 hand axe of Urgency {speed, rF+ Will-
                  | Int+3 Dex+3}
 81150 | Slime:5  | Identified the +10 battleaxe of Diunepl Eveu {vamp, rF+
                  | rCorr}
 81193 | Slime:5  | Identified the +2 demon trident of Raikh {freeze, rN+ Will-
                  | rCorr Stlth+}
 81202 | Slime:5  | Identified the amulet "Fyrgh" {Reflect rElec rPois rN++
                  | Str-5 SH+5}
 81229 | Slime:5  | Got a slimy rune of Zot
 81238 | Slime:5  | Identified the amulet of Xom's Attic {Regen+ Dex+3 Slay+2}
 81937 | Zig:1    | Entered Level 1 of a ziggurat
 82082 | Zig:2    | Entered Level 2 of a ziggurat
 82104 | Zig:3    | Entered Level 3 of a ziggurat
 82121 | Zig:4    | Entered Level 4 of a ziggurat
 82153 | Zig:4    | Identified the +5 mace "Ixtaiw" {drain, Dex+4}
 82289 | Zig:5    | Entered Level 5 of a ziggurat
 82316 | Zig:5    | Identified the ring of Nichuuce {Ice rPois Int+5}
 82327 | Zig:6    | Entered Level 6 of a ziggurat
 82496 | Zig:7    | Entered Level 7 of a ziggurat
 82541 | Zig:7    | Identified the +4 rapier of Vean {vamp, rC+}
 82654 | Zig:8    | Entered Level 8 of a ziggurat
 82830 | Zig:8    | Identified the +4 scale mail "Sypih" {rN+ Regen+}
 82831 | Zig:8    | Identified the +0 robe of the Snail {Regen+ MP+9 Str-3
                  | Int+2}
 82846 | Zig:9    | Entered Level 9 of a ziggurat
 82868 | Zig:9    | Found the crystal ball of Wucad Mu {*channel}
 83089 | Zig:9    | Found the +8 autumn katana {manifold assault}
 83116 | Zig:10   | Entered Level 10 of a ziggurat
 83146 | Zig:10   | Reached skill level 27 in Unarmed Combat
 83339 | Zig:10   | Identified the staff "Kahir" {rElec rC+ Ice Earth}
 83365 | Zig:11   | Entered Level 11 of a ziggurat
 83384 | Zig:11   | Found the +8 Wrath of Trog {antimagic, *Rage Rampage}
 83537 | Zig:11   | Identified the staff "Yridil" {rPois Str+2 Alchemy}
 83712 | Depths:3 | Voluntarily entered the Abyss.
 83712 | Abyss:1  | Found a corrupted altar of Lugonu.
 84001 | Abyss:2  | Found a corrupted altar of Lugonu.
 84256 | Abyss:2  | Found a corrupted altar of Lugonu.
 84325 | Abyss:3  | Found a corrupted altar of Lugonu.
 84514 | Abyss:3  | Reached skill level 15 in Dodging
 84569 | Abyss:3  | Got an abyssal rune of Zot
 84692 | Abyss:3  | Found a corrupted altar of Lugonu.
 84706 | Depths:3 | Escaped the Abyss
 85221 | Hell     | Entered the Vestibule of Hell
 85221 | Hell     | Noticed Geryon
 85243 | Hell     | Killed Geryon
 85264 | Hell     | Noticed Murray
 85272 | Hell     | Killed Murray
 85302 | Hell     | Found a gateway to the Iron City of Dis.
 85336 | Dis:1    | Entered Level 1 of the Iron City of Dis
 86371 | Dis:2    | Reached skill level 27 in Fighting
 87980 | Dis:7    | Entered Level 7 of the Iron City of Dis
 88410 | Dis:7    | Reached skill level 15 in Evocations
 88795 | Dis:7    | Noticed a juggernaut
 88813 | Dis:7    | Killed a juggernaut
 88836 | Dis:7    | HP: 5/245 [Hell Sentinel/iron shot (53)]
 89231 | Dis:7    | Identified the +8 plate armour "Foseaki" {Rampage rPois rC-
                  | rCorr}
 90179 | Dis:7    | Noticed a juggernaut
 90187 | Dis:7    | Killed a juggernaut
 91368 | Dis:7    | Noticed Dispater
 91379 | Dis:7    | Noticed a juggernaut
 91390 | Dis:7    | Killed Dispater
 91395 | Dis:7    | Killed a juggernaut
 91581 | Dis:7    | Got an iron rune of Zot
 91778 | Hell     | Acquired 950 gold pieces
 91779 | Hell     | Acquired the +6 tower shield of Ipsuqiod {rC++ Slay+3}
 91796 | Hell     | Acquired the scarf "Bukedodgh" {rC+ rF+, rElec Will++ rCorr
                  | Dex+3}
 91870 | Hell     | Found a gateway to the freezing wastes of Cocytus.
 92009 | Coc:1    | Entered Level 1 of Cocytus
 92067 | Coc:1    | Upgraded the game from 0.32-a0-665-g3d30ec2550 to
                  | 0.32-a0-673-g3729bd50f8
 93354 | Zot:5    | Entered Level 5 of the Realm of Zot
 93443 | Zot:5    | Reached skill level 5 in Throwing
 94242 | Zot:5    | Noticed an orb of fire
 94262 | Zot:5    | Killed an orb of fire
 94286 | Zot:5    | Noticed an ancient lich
 94313 | Zot:5    | Killed an ancient lich
 95057 | Zot:5    | Noticed an orb of fire
 95236 | Zot:5    | Killed an orb of fire
 95582 | Zot:5    | Reached skill level 10 in Throwing
 95672 | Zot:5    | Noticed a dread lich
 95672 | Zot:5    | Noticed an orb of fire
 95674 | Zot:5    | Noticed an orb of fire
 95675 | Zot:5    | Killed a dread lich
 95678 | Zot:5    | Killed an orb of fire
 95687 | Zot:5    | Killed an orb of fire
 97473 | Coc:5    | Reached skill level 15 in Throwing
 97800 | Coc:6    | Paralysed by a wendigo for 1 turns
 98332 | Coc:7    | Entered Level 7 of Cocytus
 98598 | Coc:7    | Paralysed by a wendigo for 1 turns
 98943 | Coc:7    | Paralysed by a wendigo for 1 turns
 98985 | Coc:7    | Paralysed by a wendigo for 1 turns
 99261 | Coc:7    | Paralysed by a wendigo for 1 turns
100622 | Coc:7    | Identified the +9 battleaxe of Doom {spect, rF+ rN++}
100659 | Coc:7    | Paralysed by a wendigo for 1 turns
101741 | Coc:7    | Identified the +11 hand axe "Nosoqak" {flame, Str+2}
101741 | Coc:7    | Noticed Antaeus
101764 | Coc:7    | Killed Antaeus
102093 | Coc:7    | Paralysed by a wendigo for 1 turns
102314 | Coc:7    | Got an icy rune of Zot
102859 | Hell     | Found a gateway to the decaying netherworld of Tartarus.
103293 | Hell     | Found a gateway to the ashen valley of Gehenna.
103455 | Tar:1    | Entered Level 1 of Tartarus
106108 | Tar:4    | Found a runed translucent door.
106814 | Tar:5    | Noticed an ancient lich
106820 | Tar:5    | Noticed an ancient lich
106824 | Tar:5    | Noticed an ancient lich
106834 | Tar:5    | Killed an ancient lich
106836 | Tar:5    | Noticed a dread lich
106843 | Tar:5    | Noticed a dread lich
106850 | Tar:5    | Killed an ancient lich
106873 | Tar:5    | Killed an ancient lich
106874 | Tar:5    | Reached skill level 10 in Ranged Weapons
106890 | Tar:5    | Killed a dread lich
106895 | Tar:5    | Killed a dread lich
107928 | Tar:7    | Entered Level 7 of Tartarus
109926 | Tar:7    | Identified the staff of Fate {rC++ Conj}
110684 | Tar:7    | Noticed Ereshkigal
110694 | Tar:7    | Killed Ereshkigal
110938 | Tar:7    | Identified the staff of Overwhelming Force {Fly rElec rPois
                  | Will+ Dex+2 Air}
111084 | Tar:7    | Got a bone rune of Zot
111450 | Geh:1    | Entered Level 1 of Gehenna
112135 | Geh:2    | Noticed a dread lich
112141 | Geh:2    | Killed a dread lich
114276 | Geh:7    | Entered Level 7 of Gehenna
115503 | Geh:7    | Reached skill level 15 in Ranged Weapons
115636 | Geh:7    | Noticed the Serpent of Hell
115644 | Geh:7    | Killed the Serpent of Hell
116454 | Geh:7    | Found the +13 sceptre of Asmodeus
116454 | Geh:7    | Noticed Asmodeus
116476 | Geh:7    | Killed Asmodeus
116701 | Geh:7    | Got an obsidian rune of Zot
117460 | Geh:7    | Reached skill level 27 in Shields
117597 | Geh:7    | Identified the +2 dagger of Sudden Death {antimagic, rElec}
117606 | Geh:7    | Identified the +0 ring mail "Valejux" {Str+2 Int+4 Slay+2}
117616 | Geh:7    | Identified the +1 spear "Peamaj" {speed, rC- rN+ Will+
                  | SInv}
118652 | Tomb:1   | Entered Level 1 of the Tomb of the Ancients
118684 | Tomb:1   | Identified the +10 morningstar "Pagreh" {freeze, MP+9
                  | Int+3}
119269 | Tomb:1   | Identified the ring "Myewuoni" {Fly rElec}
119269 | Tomb:1   | Noticed a royal mummy
119278 | Tomb:1   | Killed a royal mummy
120015 | Tomb:2   | Noticed a royal mummy
120017 | Tomb:2   | Noticed a royal mummy
120018 | Tomb:2   | Noticed a royal mummy
120020 | Tomb:2   | Noticed a royal mummy
120045 | Tomb:2   | Killed a royal mummy
120048 | Tomb:2   | Killed a royal mummy
120060 | Tomb:2   | Killed a royal mummy
120061 | Tomb:2   | Killed a royal mummy
121019 | Tomb:3   | Entered Level 3 of the Tomb of the Ancients
121036 | Tomb:3   | Noticed a royal mummy
121038 | Tomb:3   | Identified the +3 robe of Inquiry {rCorr Int+2}
121038 | Tomb:3   | Noticed Boris
121054 | Tomb:3   | Killed Boris
121113 | Tomb:3   | Noticed a royal mummy
121121 | Tomb:3   | Noticed a royal mummy
121121 | Tomb:3   | Noticed a royal mummy
121121 | Tomb:3   | Noticed a royal mummy
121127 | Tomb:3   | Noticed Khufu
121145 | Tomb:3   | Killed a royal mummy
121145 | Tomb:3   | Killed a royal mummy
121150 | Tomb:3   | Killed a royal mummy
121157 | Tomb:3   | Noticed a royal mummy
121168 | Tomb:3   | Noticed a royal mummy
121175 | Tomb:3   | Killed a royal mummy
121206 | Tomb:3   | Noticed a royal mummy
121212 | Tomb:3   | Killed a royal mummy
121233 | Tomb:3   | Killed Khufu
121235 | Tomb:3   | Killed a royal mummy
121240 | Tomb:3   | Killed a royal mummy
121258 | Tomb:3   | Killed a royal mummy
121709 | Tomb:3   | Got a golden rune of Zot
121734 | Tomb:3   | Identified the +6 sling of a volcano {elec, MP+9 Dex+3}
121755 | Tomb:3   | Identified the staff "Xeogany" {rN+ Will+ MP+9 Int+6 Dex-2
                  | Necro}
121759 | Tomb:3   | Identified the +1 robe of Immorality {rC+ rN+++ Will+ MP-9
                  | Int-3}
121770 | Tomb:3   | Identified the ring of the Kitsune {Fire ^Drain Fly rPois
                  | Int-2}
121847 | Tomb:3   | Upgraded the game from 0.32-a0-673-g3729bd50f8 to
                  | 0.32-a0-685-g93135e86f0
121847 | Tomb:3   | Upgraded the game from 0.32-a0-685-g93135e86f0 to
                  | 0.32-a0-699-g1ee5eff69a
122582 | Zot:5    | Got the Orb of Zot
122749 | Depths:3 | Noticed Koefit the pandemonium lord
122761 | Depths:3 | Killed Koefit the pandemonium lord
123162 | D:$      | Escaped with the Orb!

Illustrated notes

Levels and vault maps discovered:
D:1:      dpeg_arrival_tiny_h, layout_basic
D:2:      layout_basic, basic_altar, uniq_jessica, uniq_sigmund
D:3:      layout_basic, kennysheep_ying_yang, general_overflow_altar,
          marbit_many_paths, mainiacjoe_overflow_chevrons
D:4:      layout_loops_ring, gammafunk_ghost_abyssal_escape
D:5:      layout_rooms, kennysheep_mini_moat, kennysheep_generic_room_14,
          uniq_duvessa
D:6:      layout_basic, amcnicky_altar_gilded
D:7:      layout_loops_ring, minmay_temple_entry_sparse_star, serial_shops,
          nicolae_shop_tiny_glass
D:8:      minmay_the_grid_triangle_9x9_rhombus_thin
          [minmay_the_grid_triangle_9x9_sparse_checkered,
          minmay_the_grid_triangle_9x9_prize_special,
          minmay_the_grid_triangle_9x9_corrupted_corridor,
          minmay_the_grid_triangle_9x9_dagger], layout_rooms,
          gammafunk_temple_overflow_claw
D:9:      layout_long_grid, dpeg_lair_monsters
D:10:     layout_loops_ring, mainiacjoe_overflow_surrounded_room, orc_0_dummy
D:11:     cheibrodos_ideogram_h, layout_small_grid, kennysheep_slug_shrine
D:12:     layout_loops_ring, biasface_ghost_orc_armoury
D:13:     layout_long_grid, gammafunk_ghost_mausoleum, tso_oasis_becter
D:14:     layout_gridville, david_vaults_4, moated_statue, serial_bayou_crossing
D:15:     gammafunk_depths_entry_grave, layout_loops_ring,
          minmay_misc_feat_nine_boxes, kennysheep_inner_square
Temple:   nicolae_temple_bog_church
Lair:1:   layout_small_grid, gauntlet_entry_generic, basic_altar,
          cheibrodos_lair_lostbears, grunt_megastairs_3, lemuel_fruit_tree
Lair:2:   layout_concentric_octagons
Lair:3:   layout_chaotic_city, palyth_hydra_swamp_entry,
          nicolae_snake_entry_squirm, grunt_megastairs_1
Lair:4:   layout_regular_city, minmay_slime_entry_oklob_enclosed,
          portal_ice_cave_demonic_guard
Lair:5:   minmay_lair_end_frog_pond, layout_cave_pods, serial_bayou_shore_b
Swamp:1:  layout_basic_swamp, nicolae_swamp_bean_lake, swamp_pool_1_2,
          infiniplex_staircase_pool
Swamp:2:  layout_basic_swamp, evilmike_swamp_ruin_house_1, swamp_pool_3,
          nicolae_swamp_no_escape, nicolae_swamp_tree_isthmus
Swamp:3:  layout_falls_marsh, nicolae_swamp_godswood
Swamp:4:  swamp_basic_johnstein, layout_basic_swamp, ebering_ghost_inner_flame
Snake:1:  layout_gridlike, serial_shops, shop, minmay_shop_star, uniq_asterion
Snake:2:  layout_misc_corridors, nicolae_snake_snakewalk
Snake:3:  layout_grid_shapes, uniq_vashnia, uniq_mara, uniq_louise
Snake:4:  minmay_snake_end_coiled, layout_onion, uniq_aizul
Slime:1:  layout_caves
Slime:2:  layout_caves, nicolae_slime_phagocytosis
Slime:3:  layout_caves
Slime:4:  layout_caves
Slime:5:  slime_pit
Orc:1:    layout_diamond_mine, uniq_jorgrun, uniq_maurice, uniq_erolcha
Orc:2:    st_orc_open, layout_caves, nicolae_orc_lava_room
Elf:1:    minmay_elf_arrival_circle, layout_geoelf_grid, serial_shops,
          bzr_entry_water, minmay_elf_crystal_hexagon
Elf:2:    elven_hall_of_blades_hangedman_alternative
          [nicolae_vaults_blade_armed_guards], layout_loops_ring, serial_shops,
          nicolae_shop_trees, evilmike_ambush [evilmike_ambush_outer_corners,
          evilmike_ambush_inner_pond]
Elf:3:    minmay_elf_hall_quartered_circle, layout_gridlike, minmay_shoptagon,
          grunt_megastairs_4
Vaults:1: v_alt_pattern_1, hangedman_vaults_locks,
          nicolae_vaults_closet_pinwheel_1, hangedman_vaults_stretched_pinwheel,
          v_pattern_3, v_rooms_5, v_misc_9, v_misc_22,
          nicolae_vaults_frosty_reception, nicolae_vaults_hexular_roomagon,
          nicolae_vaults_tetromino_T_2, layout_vaults_omnibox, serial_shops,
          shop, shop, shop, nicolae_shop_hallway_plus, uniq_nikola
Vaults:2: ontoclasm_vaults_idyll, blue_anna_dwarven_crypt,
          ontoclasm_vaults_ligature, ontoclasm_vaults_pinch,
          nicolae_vaults_spaceships, nicolae_vaults_two_Ls,
          nicolae_vaults_trapezoid_1, v_misc_28, vaults_mumra_hex,
          ontoclasm_vaults_spin, layout_vaults_big_room, uniq_bai_suzhen
Vaults:3: v_rooms_3, minmay_guarded_unrand_guard_vaults,
          nicolae_vaults_diagonal_hallway_6, nicolae_vaults_wrenched, v_misc_3,
          nicolae_vaults_diamond_2, ontoclasm_vaults_chip,
          vaults_room_door_hall, vaults_room_grunt_arrival_ludios, v_misc_24,
          grunt_vaults_bifocal, nicolae_vaults_oval_intersection,
          layout_vaults_maze_bifur, uniq_mennas
Vaults:4: vaults_standard_mumra_x, vaults_dpeg_ring, v_misc_14,
          grunt_vaults_funnel, hangedman_vaults_nails, hangedman_vaults_pinch,
          v_rooms_4, nicolae_vaults_loss_of_containment,
          vaults_dpeg_encased_lava, layout_vaults_omnigrid
Vaults:5
Crypt:1:  minmay_skeleton_keep, layout_misc_corridors, basic_altar,
          lemuel_upstairs_altar
Crypt:2:  layout_misc_corridors, weyrava_lich_vault,
          roderic_lattice_octagonal_star
Crypt:3:  church_of_pain_bobbens, layout_chaotic_city,
          nicolae_tomb_entry_unfolded_pyramid_orthogonal, basic_altar,
          grunt_ministairs_1, weyrava_ghost_lake
Tomb:1
Tomb:2
Tomb:3
Depths:1: layout_roguey, hell_entry, pan_entry, serial_shops, bzr_entry_gold,
          minmay_strange_pillars, doesnt_xom_only_xom, minmay_shop_grove
Depths:2: minmay_inside_and_out, layout_honeycomb,
          muffindrake_ghost_three_little_ghosts,
          serial_library_regret_index_branch_corner, serial_shops, shop,
          rand_demon_pan_entry_4, pf_vacation_house_of_asmodeus,
          serial_bayou_shore_b, infiniplex_staircase_split_hallway, uniq_vv
Depths:3: hellmonk_ruined_rings, layout_gridlike, hell_entry, abyss_entry,
          infiniplex_staircase_spiral, uniq_enchantress
Depths:4: grunt_zot_entry_bicorn, layout_gridville, enter_ziggurat_d,
          nicolae_titane, hangedman_coc_ice_floe
Hell
Dis:1:    layout_subdivisions
Dis:2:    nicolae_dis_hell_towers
Dis:3:    hangedman_dis_decor_blocks_crown, layout_gridville
Dis:4:    layout_gridville
Dis:5:    layout_gridville
Dis:6:    layout_subdivisions, hangedman_dis_chains
Dis:7:    dis_hangedman
Geh:1:    layout_gehenna_lava_caves
Geh:2:    layout_gehenna_lava_caves, special_room [special_room_morgue]
Geh:3:    layout_gehenna_lava_caves
Geh:4:    layout_gehenna_lava_caves
Geh:5:    layout_gehenna_pools_box
Geh:6:    layout_gehenna_lava_caves
Geh:7:    evilmike_geh
Coc:1:    layout_ice_bergs
Coc:2:    layout_cocytus_water_paths
Coc:3:    layout_cocytus_water_paths
Coc:4:    layout_cocytus_water_paths
Coc:5:    layout_ice_bergs
Coc:6:    layout_cocytus_water_paths
Coc:7:    coc_mu
Tar:1:    layout_grid_maze, nicolae_tar_cuneiform_to_be
Tar:2:    layout_honeycomb
Tar:3:    layout_cathedral_of_symmetry
Tar:4:    nicolae_tar_ssshhh
Tar:5:    layout_cathedral_of_symmetry, nicolae_hells_leichenhalle
Tar:6:    layout_cathedral_of_symmetry
Tar:7:    tar_mu [tar_mu_maze]
Zot:1:    layout_gridlike, hangedman_zot_decor_checkerboard
Zot:2:    layout_concentric_octagons, regret_index_zotdec_slimy_original,
          nicolae_tricolors
Zot:3:    hellmonk_crystal_mountain, layout_onion, nicolae_tricolors
Zot:4:    layout_cathedral_of_symmetry, st_single_dragon_hoard_4,
          regret_index_zotdec_under_construction
Zot:5:    layout_gridville, nrook_zot_tub

Skill      XL: |  1  2  3  4  5  6  7  8  9 10 11 12 13 14 15 16 17 18 19 20 21 22 23 24 25 26 27 |
---------------+----------------------------------------------------------------------------------+-----
Throwing       | 2 3 4 16 | 16.2
Unarmed Combat | 5 7 9 11 12 15 17 19 22 27 | 27.0
Dodging        | 5 6 7 8 10 11 13 18 | 18.6
Armour         | 4 5 6 7 9 10 12 13 14 16 17 18 | 18.2
Fighting       | 5 7 8 9 11 13 15 16 17 19 21 22 23 24 27 | 27.0
Short Blades   | 4 8 9 10 11 13 14 | 14.6
Necromancy     | 4 10 | 10.0
Evocations     | 5 14 16 | 16.2
Ranged Weapons | 1 5 6 21 | 21.5
Shields        | 6 10 12 14 15 27 | 27.0
Spellcasting   | 3 5 8 |  8.2

Action                     |  1- 3 |  4- 6 |  7- 9 | 10-12 | 13-15 | 16-18 | 19-21 | 22-24 | 25-27 || total
---------------------------+-------+-------+-------+-------+-------+-------+-------+-------+-------++-------
  Melee: Unarmed           |   112 |   107 |   111 |       |       |     2 |       |   163 |  4431 ||  4926
         Punch             |     1 |     3 |     5 |       |       |     1 |       |       |       ||    10
         Pair of quick bla |       |       |   198 |   824 |  1411 |  2200 |  2668 |  5210 |  1086 || 13597
   Fire: Hand cannon       |       |       |       |       |   156 |    35 |     8 |    26 |   297 ||   522
  Throw: Throwing net      |     3 |       |     1 |       |       |       |       |       |     1 ||     5
         Javelin           |       |       |       |       |       |       |       |       |     5 ||     5
   Cast: Fugue of the Fall |       |       |       |     4 |    13 |     8 |       |     3 |       ||    28
         Cigotuvi's Dreadf |       |       |       |       |     2 |       |       |       |       ||     2
 Invoke: Sacrifice Love    |       |       |       |     1 |       |       |       |       |       ||     1
         Reject Sacrifices |       |       |       |     1 |       |       |       |       |       ||     1
         Sacrifice Arcana  |       |       |       |       |     1 |       |       |       |       ||     1
         Sacrifice Drink   |       |       |       |       |     1 |       |       |       |       ||     1
         Sacrifice Stealth |       |       |       |       |     1 |       |       |       |       ||     1
         Power Leap        |       |       |       |       |     3 |       |       |     1 |     1 ||     5
         Draw Out Power    |       |       |       |       |     1 |     1 |       |       |     9 ||    11
         Apocalypse        |       |       |       |       |     1 |       |       |       |     5 ||     6
         Sacrifice Purity  |       |       |       |       |     1 |       |       |       |       ||     1
         Sacrifice Health  |       |       |       |       |       |     1 |       |       |       ||     1
  Evoke: Wand              |       |       |     1 |     1 |     5 |     2 |     1 |     4 |    11 ||    25
         Condenser vane    |       |       |       |       |     2 |     1 |     1 |     2 |     7 ||    13
         Phial of floods   |       |       |       |       |       |       |     1 |     1 |     3 ||     5
         Lightning rod     |       |       |       |       |       |       |       |       |     3 ||     3
    Use: Scroll            |       |     3 |     5 |     5 |     6 |    14 |    14 |     3 |    31 ||    81
         Potion            |       |       |       |     2 |     1 |     2 |     6 |       |    46 ||    57
   Stab: Sleeping          |       |     1 |       |     1 |       |       |       |       |       ||     2
         Held in net/web   |       |       |     1 |       |       |       |       |       |       ||     1
         Distracted        |       |       |       |       |     1 |     3 |     1 |     7 |    13 ||    25
         Invisible         |       |       |       |       |     3 |     6 |     3 |    11 |    28 ||    51
         Paralysed         |       |       |       |       |     1 |     6 |       |     9 |    16 ||    32
 Armour: Leather armour    |    62 |       |       |       |       |       |       |       |       ||    62
         Robe              |       |    26 |    81 |       |       |       |       |       |       ||   107
         Steam dragon scal |       |       |     1 |   129 |       |       |       |       |       ||   130
         Acid dragon scale |       |       |       |    10 |   320 |    27 |       |       |       ||   357
         Plate armour      |       |       |       |       |       |   536 |   538 |   861 |  2008 ||  3943
  Dodge: Dodged            |    65 |    84 |   106 |   118 |   216 |   213 |   210 |   468 |   855 ||  2335
  Block: Buckler           |       |       |       |       |       |       |       |    40 |       ||    40
         Kite shield       |       |       |       |       |       |       |       |       |  1027 ||  1027
         Tower shield      |       |       |       |       |       |       |       |       |  1586 ||  1586

Table legend: (Time is in decaauts)
 A = Elapsed time spent in this place.
 B = Non-inter-level travel time spent in this place.
 C = Inter-level travel time spent in this place.
 D = Time resting spent in this place.
 E = Time spent auto-exploring this place.
 F = Levels seen in this place.
 G = Mean time per level.
                   A        B        C        D        E       F      G
               +--------+--------+--------+--------+--------+-----+--------+
         Total | 119717 | 110663 |   9054 |  13218 |  84039 | 106 | 1129.4 |
       Dungeon |  13313 |  10966 |   2347 |    789 |   8321 |  15 |  887.5 |
        Temple |     36 |      1 |     35 |      0 |      0 |   1 |   36.0 |
          Lair |   5636 |   4773 |    863 |    157 |   3874 |   5 | 1127.2 |
         Swamp |   6267 |   6030 |    237 |    333 |   5229 |   4 | 1566.8 |
     Snake Pit |   5441 |   5003 |    438 |    895 |   3361 |   4 | 1360.2 |
    Slime Pits |   4263 |   4097 |    166 |    501 |   3153 |   5 |  852.6 |
  Orcish Mines |    900 |    767 |    133 |     55 |    488 |   2 |  450.0 |
   Elven Halls |   6013 |   5742 |    271 |    389 |   4694 |   3 | 2004.3 |
        Vaults |  14226 |  13411 |    815 |    305 |  11924 |   5 | 2845.2 |
         Crypt |  10608 |  10194 |    414 |    592 |   8647 |   3 | 3536.0 |
          Tomb |   3451 |   3094 |    357 |    542 |   1847 |   3 | 1150.3 |
        Depths |   5751 |   4772 |    979 |      4 |   4275 |   4 | 1437.8 |
          Hell |   1362 |   1077 |    285 |    310 |    556 |   1 | 1362.0 |
           Dis |   6089 |   5958 |    131 |   1883 |   3503 |   7 |  869.9 |
       Gehenna |   6358 |   6238 |    120 |    722 |   4909 |   7 |  908.3 |
       Cocytus |   7304 |   7053 |    251 |   2711 |   3472 |   7 | 1043.4 |
      Tartarus |   7724 |   7318 |    406 |    775 |   5978 |   7 | 1103.4 |
           Zot |  11399 |  10600 |    799 |   1629 |   7903 |   5 | 2279.8 |
         Abyss |    905 |    905 |      0 |      2 |    598 |   3 |  301.7 |
      Ziggurat |   1625 |   1625 |      0 |    516 |    732 |  11 |  147.7 |
        Bazaar |    293 |    293 |      0 |      0 |    252 |   2 |  146.5 |
      Ice Cave |    449 |    449 |      0 |    103 |    193 |   1 |  449.0 |
      Gauntlet |    293 |    293 |      0 |      0 |    127 |   1 |  293.0 |
               +--------+--------+--------+--------+--------+-----+--------+

Top non-repeatable levels by time:
 Crypt:3: 5058 daAuts
   Coc:7: 4361 daAuts
   Geh:7: 3861 daAuts
   Dis:7: 3571 daAuts
   Tar:7: 3409 daAuts
Vaults:5: 3250 daAuts
Vaults:4: 3248 daAuts
Vaults:2: 3086 daAuts
 Crypt:2: 2914 daAuts
   Zot:5: 2782 daAuts
Vaults:1: 2780 daAuts
 Crypt:1: 2635 daAuts
   Zot:1: 2564 daAuts
   Elf:2: 2532 daAuts
   Zot:4: 2332 daAuts
